 Dungeon Crawl Stone Soup version 0.31.0-12-g77e489cdc1 (webtiles) character file.

Game seed: 4392158492323142778

3931 Doomgape the Grappler (level 10, -3/106 HPs)
             Began as a Troll Monk on Feb 13, 2024.
             Was a Priest of Okawaru.
             Slain by an orc warrior
             ... wielding a +0 glaive
              (20 damage)
             ... in a bailey.
             The game lasted 00:22:54 (5385 turns).

Doomgape the Grappler (Troll Monk)                  Turns: 5385, Time: 00:22:55

Health: -3/106     AC: 14    Str: 25    XL:     10   Next: 1%
Magic:  9/9        EV: 10    Int:  6    God:    Okawaru [***...]
Gold:   920        SH:  5    Dex: 12    Spells: 9/9 levels left

rFire   . .          .
                       - Unarmed
rCold   . . .        c - orb {light}
rNeg    + . .        z - +0 swamp dragon scales
rPois   +            a - +2 hat
rElec   .            l - +2 cloak
rCorr   .            (gloves unavailable)
SInv    .            (boots unavailable)
Will    .....        s - amulet of reflection
Stlth   +            n - ring of positive energy
HPRegen 1.17/turn    (no ring)
MPRegen 0.11/turn

%: reflection
@: glowing
A: large, unfitting armour, claws 3, regeneration 1, shaggy fur 1, tough skin 1
a: Renounce Religion, Heroism


You were in a bailey.
You worshipped Okawaru.
Okawaru was most pleased with you.
You visited 2 branches of the dungeon, and saw 8 of its levels.
You also visited: Ossuary and Bailey.

You collected 920 gold pieces.

Inventory:

Hand Weapons
 E - the +9 orcbow "Kejudoon" {drain, ^Contam rElec Stlth+}
   (You found it on level 6 of the Dungeon)

   rElec:     It insulates you from electricity.
   ^Contam:   It causes magical contamination when unequipped.
   Stlth+:    It makes you more stealthy.
Missiles
 g - 4 large rocks
 r - 2 throwing nets (quivered)
 D - 5 silver javelins
Armour
 a - a +2 hat (worn)
 c - an orb of light (worn)
 l - a +2 cloak (worn)
 z - +0 swamp dragon scales (worn)
 H - +1 steam dragon scales
Magical Staves
 F - a staff of death
Jewellery
 n - a ring of positive energy (left claw)
 o - a ring of flight
 s - an amulet of reflection (around neck)
 B - a ring of fire
Wands
 t - a wand of mindburst (15)
Scrolls
 d - 3 scrolls of identify
 p - 2 scrolls of teleportation
 w - a scroll of torment
 x - a scroll of silence {unknown}
 y - 2 scrolls of poison
 A - a scroll of revelation
 C - 9 scrolls of noise
 G - a scroll of fear
 J - a scroll of acquirement
 M - a scroll of fog
Potions
 b - 3 potions of ambrosia
 e - 2 potions of cancellation
 f - 3 potions of mutation
 h - 2 potions of lignification
 i - 6 potions of curing
 j - a potion of attraction
 k - 2 potions of heal wounds
 m - 2 potions of enlightenment
 q - 3 potions of invisibility
 u - 3 potions of might {unknown}
 v - a potion of brilliance {unknown}
 I - a potion of magic {unknown}
 K - 2 potions of haste {unknown}
 L - 3 potions of resistance


   Skills:
 - Level 8.6 Fighting
 + Level 3.6 Dodging
 + Level 10.4 Unarmed Combat
 + Level 1.2 Invocations


You had 9 spell levels left.
You didn't know any spells.
Your spell library contained the following spells:

 Spells                   Type           Power      Damage    Failure   Level
 Cigotuvi's Dreadful Rot  Necr/Alch/Air  0%         N/A       75%         2
 Scorch                   Fire           0%         2d5       75%         2
 Inner Flame              Hex/Fire       0%         N/A       93%         3
 Anguish                  Hex/Necr       0%         N/A       100%        4
 Cause Fear               Hex            0%         N/A       100%        4
 Flame Wave               Conj/Fire      0%         2d4       100%        4
 Ignite Poison            Fire/Alch      0%         N/A       100%        4
 Sticky Flame             Fire/Alch      0%         2d4       100%        4
 Freezing Cloud           Conj/Ice/Air   0%         6-21      100%        5
 Enfeeble                 Hex            0%         N/A       100%        7
 Animate Dead             Necr           Unusable   N/A       N/A         4
 Summon Cactus Giant      Summ           Unusable   N/A       N/A         6
 Haunt                    Necr/Summ      Unusable   N/A       N/A         7
 Infestation              Necr           Unusable   N/A       N/A         8

Dungeon Overview and Level Annotations

Branches:
Dungeon (7/15)             Temple (1/1) D:5         Ossuary (visited)
 Bailey (1/1)

Altars:
Ashenzari
Dithmenos
Fedhas
Hepliaklqana
Nemelex Xobeh
Okawaru
Qazlal
Ru
Trog
Uskayaw
Vehumet
Xom

Shops:
D:2 [


Innate Abilities, Weirdness & Mutations

You are too large for most types of armour.
You have claws for hands.
Your natural rate of healing is unusually fast.
You are covered in fur. (AC +1)
You have tough skin. (AC +1)


Message History

You scratch the orc knight but do no damage.
The orc knight is moderately wounded.
The orc warrior hits you from afar with a +0 glaive.
You scratch the orc knight but do no damage.
The orc knight is moderately wounded.
The orc warrior hits you from afar with a +0 glaive!
You mangle the orc knight!!
The orc knight is severely wounded.
The orc knight hits you but does no damage.
The orc warrior barely misses you.
You scratch the orc knight.
The orc knight is severely wounded.
The orc knight hits you with a +0 halberd!
The orc warrior hits you from afar with a +0 glaive.
You claw the orc knight!
The orc knight is almost dead.
The orc knight hits you with a +0 halberd!
* * * LOW HITPOINT WARNING * * *
You claw the orc knight!
You kill the orc knight!
Okawaru accepts your kill.
The orc warrior hits you from afar with a +0 glaive.
* * * LOW HITPOINT WARNING * * *
Your Invocations skill increases to level 1!
You have reached level 10!
It was a potion of heal wounds.
You feel much better.
The orc warrior hits you from afar with a +0 glaive!
* * * LOW HITPOINT WARNING * * *
The orc warrior hits you but does no damage.
There is an open door, spattered with blood here.
You scratch the orc warrior but do no damage.
The orc warrior hits you but does no damage.
You claw the orc warrior!
The orc warrior is heavily wounded.
The orc warrior hits you with a +0 glaive!
* * * LOW HITPOINT WARNING * * *
You scratch the orc warrior but do no damage.
The orc warrior is heavily wounded.
The orc warrior hits you with a +0 glaive!!
You die...

..~≈≈)≈≈≈~~~#########~~~≈≈≈)≈≈~..
..~~~~~~~~~##~~~~~~~##~~~~~~~~~..
..~~~~~~~~##~~#'#'#~~##~~~~~~~~..
..~~~~~~~~#~~##.#)##~~#~~~~~~~~..
..~~~~~~~##~#########~##~~~~~~~..
..~~~~~~~##~'.#).:#)'~##~~~~~~~..
..~~~~~~~##~###._.###~##~~~~~~~..
..~~~~~~~##~'.#.o.#)'~##~~~~~~~..
..~~~~~~~##~####@####~##~~~~~~~..
..~~~~~~~~#~~##∩.∩##~~##~~~~~~~..
..~~~~~~~~##~~#'''##~~~~~~~~~~~..
..~~~~~~~~~##~~~~~##~~~~~~~~~~~..
..~≈≈~≈≈≈~~~##~~~~##~~~~≈≈≈~≈≈~..
..≈≈#.##≈~~~~#######~~~~≈##)#≈≈..
..≈##.∩#≈~~~~~~~~~~~~~~~≈#∩)##≈..
..≈#..)))~~~~~~~~~~~~~~~~....#≈..
..≈##.##≈~~~~~~~~~~~~~~~≈##.##≈..


You could see an orc warrior (strong).

Vanquished Creatures
  An orc knight (Bailey)
  Maggie (D:7)
  A hornet (D:7)
  A steam dragon (D:6)
  Menkaure (D:7)
  A water moccasin (D:6)
  A sky beast (D:7)
  An ice beast (D:6)
  8 orc warriors
  An ogre (D:5)
  2 phantoms (D:6)
  A centaur (D:6)
  A kobold brigand (D:7)
  2 weeping skulls (Ossuary)
  2 bullfrogs
  2 scorpions
  2 bombardier beetles
  A centaur zombie (Ossuary)
  2 orc priests
  2 jellies
  Crazy Yiuf (D:3)
  A gnoll bouda (D:6)
  3 hounds
  A sleepcap (D:5)
  3 orc wizards
  Natasha (thrice) (D:2)
  5 iguanas
  3 mummies (Ossuary)
  7 gnolls
  3 adders
  A shadow imp (D:5)
  3 white imps
  4 ufetubi (D:6)
  A dart slug (D:5)
  A ribbon worm (D:4)
  26 orcs
  8 ball pythons
  5 bats
  11 endoplasms
  5 giant cockroaches
  4 gnoll zombies (Ossuary)
  7 goblins
  6 hobgoblins
  4 quokkas
  2 frilled lizards
  10 kobolds
  3 orc zombies (Ossuary)
  8 rats
173 creatures vanquished.

Notes
Turn   | Place    | Note
-------+----------+-------------------------------------------
     0 | D:1      | Doomgape the Troll Monk began the quest for the Orb.
     0 | D:1      | Reached XP level 1. HP: 22/22 MP: 0/0
   101 | D:1      | Reached XP level 2. HP: 28/29 MP: 1/1
   540 | D:1      | Reached XP level 3. HP: 36/36 MP: 2/2
   856 | D:2      | Found Ahanaire's Antique Armour Emporium.
  1062 | D:2      | Found a faded altar of an unknown god.
  1063 | D:2      | Noticed Natasha
  1073 | D:2      | Killed Natasha
  1074 | D:2      | Reached XP level 4. HP: 41/45 MP: 3/3
  1210 | D:2      | Noticed Natasha
  1225 | D:2      | Killed Natasha
  1247 | D:2      | Noticed Natasha
  1252 | D:2      | Killed Natasha
  1253 | D:2      | Reached skill level 4 in Unarmed Combat
  1568 | D:3      | Reached XP level 5. HP: 53/53 MP: 4/4
  2133 | D:3      | Found a runed translucent door.
  2134 | D:3      | Noticed Crazy Yiuf
  2289 | D:3      | Killed Crazy Yiuf
  2418 | D:4      | Reached XP level 6. HP: 59/62 MP: 5/5
  2504 | D:4      | Reached skill level 5 in Unarmed Combat
  2837 | D:5      | Entered Level 5 of the Dungeon
  2997 | D:5      | Reached XP level 7. HP: 65/71 MP: 6/6
  3054 | D:5      | Reached skill level 5 in Fighting
  3054 | D:5      | Reached skill level 6 in Unarmed Combat
  3379 | D:5      | Found a staircase to the Ecumenical Temple.
  3386 | Temple   | Entered the Ecumenical Temple
  3571 | Temple   | Became a worshipper of Warmaster Okawaru
  3571 | Temple   | Reached * piety under Okawaru
  3571 | Temple   | Reached ** piety under Okawaru
  3616 | D:6      | Identified the +9 orcbow "Kejudoon" {drain, ^Contam rElec
                  | Stlth+}
  3679 | D:6      | Noticed a steam dragon
  3693 | D:6      | Killed a steam dragon
  3710 | D:6      | Reached XP level 8. HP: 39/83 MP: 4/7
  3802 | D:6      | Identified a scroll of acquirement
  3802 | D:6      | Acquired 599 gold pieces
  3808 | D:6      | Found a sand-covered staircase.
  3821 | D:6      | Reached skill level 7 in Unarmed Combat
  3830 | Ossuary  | Entered an ossuary
  4440 | D:6      | Reached skill level 8 in Unarmed Combat
  4589 | D:7      | Reached *** piety under Okawaru
  4590 | D:7      | Reached XP level 9. HP: 74/93 MP: 8/8
  4695 | D:7      | Noticed Menkaure
  4700 | D:7      | Killed Menkaure
  4735 | D:7      | Noticed Maggie
  4742 | D:7      | Killed Maggie
  4743 | D:7      | Reached skill level 9 in Unarmed Combat
  4817 | D:7      | Identified the flux talisman "Ceuqaczu" {rN+}
  4954 | D:7      | Found a flagged portal.
  4975 | Bailey   | Entered a bailey
  5151 | Bailey   | Reached skill level 10 in Unarmed Combat
  5365 | Bailey   | Noticed an orc knight
  5380 | Bailey   | Killed an orc knight
  5381 | Bailey   | Reached skill level 1 in Invocations
  5381 | Bailey   | Reached XP level 10. HP: 21/106 MP: 9/9
  5385 | Bailey   | Slain by an orc warrior

Illustrated notes

Levels and vault maps discovered:
D:1:      eino_arrival_druids_welcome, layout_basic, minmay_quantized
D:2:      layout_loops_ring, serial_shops, shop,
          shapermc_ecumenical_altar_mp_highgroup, kennysheep_decorative_pillar,
          kennysheep_nub, lightli_corner_chamber, uniq_natasha
D:3:      layout_basic, uniq_crazy_yiuf_cottage
D:4:      layout_basic, serial_glass, glass_columns_a, glass_columns_a
D:5:      layout_rooms, minmay_temple_entry_enclosed_plants
D:6:      layout_basic, nicolae_ossuary_entry_monument
D:7:      layout_loops_ring, enter_bailey_2, grunt_tough_drop, uniq_maggie,
          uniq_menkaure
Temple:   nicolae_temple_slightly_damp_pantheon
Bailey:   bailey_polearm_2, bailey

Skill      XL: |  1  2  3  4  5  6  7  8  9 |
---------------+----------------------------+-----
Fighting       | 3 4 5 7 8 |  8.6
Dodging        | 3 |  3.6
Unarmed Combat | 4 5 6 8 10 | 10.4
Invocations    | 1 |  1.2

Action                     |  1- 3 |  4- 6 |  7- 9 | 10-12 || total
---------------------------+-------+-------+-------+-------++-------
  Melee: Unarmed           |    89 |   115 |   267 |     3 ||   474
  Throw: Throwing net      |       |       |     2 |       ||     2
 Invoke: Heroism           |       |       |     6 |       ||     6
  Evoke: Wand              |       |       |     1 |       ||     1
    Use: Scroll            |       |       |    19 |       ||    19
         Potion            |       |       |       |     1 ||     1
   Stab: Sleeping          |     1 |       |       |       ||     1
 Armour: Robe              |    52 |    62 |    57 |       ||   171
         Steam dragon scal |       |       |    83 |       ||    83
         Swamp dragon scal |       |       |    62 |     5 ||    67
  Dodge: Dodged            |    36 |    43 |   140 |       ||   219
